 Dungeon Crawl Stone Soup version 0.29.1-15-g9cfb28693d (webtiles) character file.

Game seed: 5523072328417146365

6 booth the Chopper (level 1, 0/16 HPs)
             Began as a Demonspawn Gladiator on Apr 24, 2023.
             Succumbed to a kobold's poison
             ... on level 2 of the Dungeon.
             The game lasted 00:02:02 (426 turns).

booth the Chopper (Demonspawn Gladiator)             Turns: 426, Time: 00:02:03

Health: 0/16       AC:  5    Str: 14    XL:     1   Next: 75%
Magic:  1/1        EV: 12    Int:  9    God:
Gold:   8          SH:  0    Dex: 14    Spells: 0/0 levels left

rFire   . . .      SeeInvis .   a - +0 war axe
rCold   . . .      Faith    .   (no shield)
rNeg    . . .      Spirit   .   b - +0 leather armour
rPois   .          Reflect  .   c - +0 helmet
rElec   .          Harm     .   (no cloak)
rCorr   .          Rampage  .   (no gloves)
Will    .....                   f - +0 pair of boots
Stlth   +.........              (no amulet)
HPRegen 0.05/turn               (no ring)
MPRegen 0.07/turn               (no ring)

@: lethally poisoned (0 -> -9)
A: no striking features
a: no special abilities


You were on level 2 of the Dungeon.
You visited 1 branch of the dungeon, and saw 2 of its levels.

You collected 8 gold pieces.

Inventory:

Hand Weapons
 a - a +0 war axe (weapon)
Missiles
 d - 2 throwing nets (quivered)
Armour
 b - a +0 leather armour (worn)
 c - a +0 helmet (worn)
 f - a +0 pair of boots (worn)
Scrolls
 h - a scroll of identify {unknown}
Potions
 g - 2 potions of brilliance {unknown}


   Skills:
 + Level 2.1 Fighting
 * Level 2.8 Axes
 + Level 1.9 Throwing
 + Level 2.7 Dodging


You couldn't memorise any spells.
You didn't know any spells.
Your spell library was empty.

Dungeon Overview and Level Annotations

Branches:
Dungeon (1/15)

Altars:


Message History

A kobold comes into view.
It is wielding a +0 short sword and quivering poisoned darts.
The quokka bites you.
You barely miss the quokka. The quokka misses you.
You miss the quokka. The quokka bites you. The quokka barely misses you.
You closely miss the quokka. The quokka barely misses you.
The quokka bites you.
You hit the quokka but do no damage.
The quokka bites you but does no damage.
You miss the quokka. The quokka bites you. The quokka closely misses you.
You closely miss the quokka. The quokka bites you.
The quokka bites you but does no damage.
You hit the quokka.
The quokka is heavily wounded.
The quokka barely misses you. The quokka attacks as you move away!
The quokka barely misses you.
You closely miss the quokka.
The quokka is heavily wounded.
The quokka misses you. The quokka bites you.
You barely miss the quokka.
The quokka is heavily wounded.
The kobold shouts!
The quokka bites you but does no damage.
The quokka bites you.
You hit the quokka.
You kill the quokka!
The kobold throws a poisoned dart.
The poisoned dart hits you!
You are lethally poisoned!
Throw: 3 throwing nets
Press: ? - help, Q - select action, (/) - cycle Shift-Dir - straight line, f - kobold
Aim: a kobold, wielding a +0 short sword and quivering poisoned darts (51% to hit)
You throw a throwing net. The throwing net hits the kobold.
The kobold is caught in the net!
* * * LOW HITPOINT WARNING * * *
You feel very sick.
Throw: javelin
Press: ? - help, Q - select action, (/) - cycle Shift-Dir - straight line, f/p - kobold
Aim: a kobold, wielding a +0 short sword and quivering poisoned darts (entangled in a net, 86% to hit)
You throw a javelin.
The javelin pierces through the kobold but does no damage.
You die...

##.#.##.#....#
.
#........#....
####.....# ...
.
##....#...#..
#.##........
#........K##
#.)........#
#.####...#..
#.@†.K...(.#
#######..#.#
... .


You could see a kobold (caught).

Vanquished Creatures
  A giant cockroach (D:1)
  A goblin (D:2)
  2 quokkas
  A bat (D:1)
5 creatures vanquished.

Notes
Turn   | Place    | Note
-------+----------+-------------------------------------------
     0 | D:1      | booth the Demonspawn Gladiator began the quest for the Orb.
     0 | D:1      | Reached XP level 1. HP: 16/16 MP: 1/1
   390 | D:1      | Found a faded altar of an unknown god.
   390 | D:1      | You fall into a shaft and drop 1 floor!
   426 | D:2      | Succumbed to a kobold's poison

Illustrated notes

Levels and vault maps discovered:
D:1:      nicolae_arrival_somewhat_less_tricky_arrival, layout_basic,
          chequers_ecumenical_altar_simple_redux
D:2:      layout_basic, nrook_mini_vaults, uniq_robin, uniq_sigmund

Action                   || total
-------------------------++-------
Melee: War axe           ||    22
Throw: Javelin           ||     1
       Throwing net      ||     1
Armor: Leather armour    ||    14
Dodge: Dodged            ||    18
